Map: Lost and Found LE

Players

SpeCial

  • Race: Terran Terran
  • Spawn Location: 1:00

Elazer - Winner!

  • Race: Zerg Zerg
  • Spawn Location: 7:00

Event: WCS Austin 2018

VOD

Have the link to the VOD?

Description

Time

  • Played on: June 1, 2018, 11:42 p.m.
  • Length: 28:02

All games in this series

Show
View Real Time Build Order
Export as new Build Order

SpeCial Terran 

Build Orders: Hellion Opening, Reaper Expand, Bio Tank 

Get SALT Encoding   

  12  0:00  SCV  
  13  0:12  SCV  
  14  0:17  Supply Depot  
  14  0:24  SCV  
  15  0:39  SCV  
  15  0:40  Barracks  
  16  0:44  Refinery  
  16  0:51  SCV  
  17  1:03  SCV  
  18  1:15  SCV  
  19  1:28  Reaper  
  19  1:29  Orbital Command  
  20  1:39  Command Center  
  20  1:50  Supply Depot  
  20  1:54  SCV  
  20  2:00  Marine  
  22  2:04  Factory  
  22  2:07  SCV  
  23  2:13  Refinery  
  23  2:19  SCV  
  24  2:23  Barracks Reactor  
  24  2:31  SCV  
  25  2:43  SCV  
  26  2:51  Starport  
  26  2:53  Orbital Command  
  26  2:56  SCV  
  27  3:07  Hellion x2  
  27  3:08  SCV  
  27  3:10  Barracks Tech Lab  
  32  3:19  SCV  
  33  3:20  SCV  
  33  3:22  Supply Depot  
  34  3:29  Hellion x2  
  34  3:31  SCV  
  34  3:32  SCV  
  40  3:36  Raven  
  40  3:39  Barracks Tech Lab  
  42  3:43  SCV  
  42  3:44  SCV  
  42  3:45  Supply Depot  
  44  3:50  Hellion x2  
  44  3:55  SCV  
  49  3:56  SCV  
  49  4:07  SCV  
  49  4:08  Command Center, SCV  
  51  4:12  Supply Depot  
  51  4:16  Marine  
  52  4:17  Stimpack  
  52  4:19  SCV  
  53  4:24  SCV  
  53  4:28  Barracks  
  54  4:31  SCV  
  54  4:33  Starport Reactor  
  54  4:34  Marine  
  54  4:35  Barracks  
  54  4:38  Siege Tank  
  59  4:43  SCV  
  60  4:48  SCV  
  60  4:52  Marine  
  62  4:53  Engineering Bay  
  62  4:54  Engineering Bay  
  62  4:56  SCV  
  63  5:01  SCV  
  63  5:05  Refinery  
  64  5:07  Refinery  
  64  5:08  SCV  
  64  5:10  Marine, Siege Tank  
  69  5:15  SCV  
  69  5:20  Marine, SCV  
  69  5:21  Starport Reactor, Marine  
  73  5:24  Orbital Command  
  73  5:29  Terran Infantry Armor Level 1  
  73  5:31  Marine, SCV  
  75  5:38  SCV  
  75  5:39  Marine  
  75  5:40  Marine x3  
  80  5:43  SCV  
  80  5:46  Supply Depot  
  80  5:49  Orbital Command, Marine  
  85  5:50  Siege Tank  
  85  6:02  Supply Depot x2  
  85  6:07  Medivac x2, Marine x2, SCV x2  
  93  6:13  Marine x3  
  93  6:16  SCV  
  97  6:20  SCV x2  
  97  6:25  Marine x2  
  101  6:26  Combat Shields  
  101  6:28  SCV  
  101  6:30  Marine x3, Siege Tank  
  101  6:32  SCV x2  
  110  6:37  Terran Infantry Weapons Level 1, Barracks  
  110  6:38  Barracks  
  110  6:40  SCV  
  110  6:41  Supply Depot  
  110  6:43  Supply Depot, Medivac, Marine x2  
  110  6:44  SCV  
  116  6:49  SCV  
  117  6:54  Medivac  
  117  7:01  Marine  
  117  7:02  SCV  
  117  7:03  SCV  
  117  7:08  SCV  
  105  7:13  Siege Tank  
  105  7:14  SCV  
  105  7:15  Medivac, Marine, SCV  
  105  7:16  Marine  
  105  7:20  Marine x3, SCV  
  101  7:28  Refinery x2  
  101  7:29  Factory  
  103  7:30  Supply Depot  
  103  7:32  Barracks Reactor  
  103  7:33  Marine x2  
  103  7:38  Barracks Reactor, Marine  
  103  7:39  Armory  
  104  7:44  Marine x2  
  106  7:51  Marine x2  
  106  7:54  Siege Tank  
  106  7:55  Supply Depot, SCV x2  
  106  7:56  Marine  
  114  8:01  Medivac x2  
  114  8:02  Marine x2  
  120  8:09  Marine x2  
  120  8:12  Marine  
  123  8:13  Marine  
  123  8:18  SCV x2  
  123  8:19  SCV  
  127  8:20  Supply Depot, Marine x2  
  127  8:23  Marine x3  
  127  8:24  Factory Tech Lab  
  127  8:25  Supply Depot  
  127  8:26  Siege Tank  
  135  8:27  Supply Depot, Marine x2  
  135  8:30  Marine  
  135  8:32  Terran Infantry Weapons Level 2, Terran Infantry Armor Level 2  
  138  8:34  Marine  
  138  8:38  Marine  
  138  8:40  Marine  
  138  8:41  Marine x2  
  141  8:43  Marine  
  141  8:45  Command Center  
  141  8:46  Terran Vehicle Weapons Level 1  
  142  8:49  Marine x2  
  142  8:50  Marine  
  142  8:51  SCV x2  
  148  8:55  SCV  
  148  8:58  Supply Depot  
  148  8:59  Marine  
  148  9:00  Marine  
  147  9:03  SCV  
  147  9:06  Siege Tank  
  147  9:08  Siege Tank  
  147  9:09  Marine x3  
  155  9:13  Marine  
  155  9:15  Marine  
  155  9:17  Marine x3  
  158  9:18  Medivac  
  158  9:24  Marine  
  161  9:27  Marine  
  161  9:29  Marine  
  161  9:30  Marine  
  154  9:31  Marine  
  154  9:33  Marine  
  154  9:34  Marine  
  154  9:38  Marine  
  158  9:39  Marine, Siege Tank  
  158  9:40  Siege Tank  
  158  9:42  Marine  
  158  9:45  Marine  
  167  9:47  Marine  
  167  9:48  Marine  
  167  9:49  Marine  
  167  9:50  Medivac x2  
  167  9:51  Marine  
  167  9:52  Marine  
  176  9:56  Marine  
  176  9:57  Marine  
  176  9:59  Marine  
  176  10:02  Liberator  
  176  10:03  Liberator, Marine  
  176  10:05  Marine  
  176  10:06  Marine  
  174  10:07  Marine  
  174  10:09  Marine  
  174  10:10  Marine  
  174  10:11  Siege Tank  
  174  10:13  Marine  
  181  10:14  Marine  
  181  10:15  Sensor Tower  
  181  10:17  Marine  
  181  10:20  Marine  
  190  10:23  Marine  
  188  10:32  Marine  
  188  10:33  Marine x4  
  188  10:35  Barracks, Marine  
  188  10:36  Marine  
  188  10:38  Barracks, Marine  
  188  10:40  Barracks  
  188  10:41  Marine  
  191  10:43  Planetary Fortress  
  191  10:49  Marine  
  189  10:51  Marine x3  
  189  10:52  Terran Infantry Weapons Level 3  
  189  10:54  Marauder  
  195  10:58  Marine  
  196  11:10  Terran Infantry Armor Level 3  
  196  11:22  Ghost Academy  
  196  11:29  Marine x2  
  196  11:30  Marine  
  196  11:31  Medivac x2  
  196  11:32  Marauder  
  191  11:35  Marine x4  
  191  11:36  Marine  
  191  11:38  Command Center  
  196  11:47  Refinery  
  188  12:08  Marine x3  
  188  12:09  Barracks Tech Lab  
  188  12:23  Marine  
  188  12:26  Marine x2  
  188  12:27  Marauder, Siege Tank  
  171  12:31  Marauder, Marine  
  171  12:33  Siege Tank  
  171  12:35  Marine x2  
  171  12:36  Marine  
  152  12:38  Marine  
  152  12:42  Marine x2  
  140  12:44  Barracks Tech Lab  
  140  12:45  Barracks Tech Lab  
  140  12:48  Marine  
  140  12:49  Marauder  
  142  12:52  Marauder  
  142  12:53  Planetary Fortress, SCV x3  
  142  12:54  Marine  
  142  12:55  Marine x3  
  142  12:57  Marine  
  146  12:59  Siege Tank  
  146  13:00  Marine  
  146  13:02  Medivac x2  
  146  13:03  Marine  
  146  13:04  Marauder  
  146  13:05  SCV x2, Siege Tank  
  155  13:06  Marauder, Marine  
  155  13:07  SCV  
  155  13:10  Marauder  
  155  13:12  Marine x2  
  141  13:14  Marauder  
  141  13:17  SCV x2  
  141  13:19  SCV, Sensor Tower  
  145  13:25  Marauder  
  145  13:26  Supply Depot x2  
  147  13:29  SCV x2  
  147  13:30  Marine  
  147  13:31  Marauder x2, Marine, Siege Tank, SCV  
  147  13:32  Marine, Supply Depot  
  160  13:35  Marauder  
  160  13:37  Terran Vehicle Weapons Level 2  
  160  13:44  Marine x4  
  160  13:47  Marauder  
  163  13:52  Marauder  
  163  13:53  Marauder  
  162  13:55  Medivac x2  
  162  13:57  Marauder  
  162  14:00  Marine  
  162  14:01  Marine  
  148  14:04  Marine, Siege Tank  
  148  14:08  Marauder  
  148  14:09  Marine x2  
  154  14:10  Marine x2  
  154  14:12  Marine  
  154  14:14  Marauder x2  
  163  14:18  Marauder, Marine  
  163  14:19  Siege Tank  
  169  14:27  Engineering Bay, Marine x2  
  169  14:28  Supply Depot, Marine x4  
  169  14:29  Marauder  
  169  14:30  Marine  
  178  14:35  Marauder  
  180  14:40  Medivac x2  
  184  14:46  Marauder, Marine x2  
  184  14:52  Marauder  
  190  14:59  Concussive Shells  
  181  15:00  Marauder  
  181  15:04  Siege Tank  
  184  15:09  Marauder, Marine x2  
  188  15:15  Medivac x2  
  159  15:25  Marauder, Marine  
  160  15:30  Marine, Command Center  
  160  15:31  Marauder, Marine x2  
  160  15:35  Siege Tank  
  166  15:37  Siege Tank  
  166  15:41  Marine x2  
  166  15:42  Marauder  
  163  15:45  Medivac x2  
  163  15:47  Marine x2  
  169  15:50  Marine x2  
  169  15:51  Marine x3  
  164  15:59  Starport, Marine  
  164  16:01  Starport  
  161  16:10  Ghost x2  
  165  16:11  Ghost  
  165  16:16  Ghost  
  165  16:18  Marine  
  169  16:19  Refinery  
  169  16:25  Viking  
  172  16:27  Viking  
  174  16:42  Starport Reactor  
  174  16:43  Starport Reactor  
  174  16:45  Ghost  
  174  16:46  Missile Turret  
  176  16:51  Missile Turret  
  173  16:55  Ghost x2, Marine x3  
  173  17:01  Viking  
  178  17:14  Marine x2  
  167  17:19  Marine x2  
  160  17:32  Viking x3  
  160  17:34  Marine  
  160  17:35  Marine  
  150  17:40  Marine x3  
  138  17:49  Marine x2  
  125  17:54  Marine  
  125  17:58  Viking  
  118  18:02  Marine  
  114  18:09  Marine x2  
  109  18:15  Marine  
  104  18:21  Marine x2  
  104  18:26  Marine  
  107  18:29  Marine x2  
  108  18:37  Siege Tank  
  108  18:38  Marine  
  112  18:42  Marine  
  113  18:48  Missile Turret  
  113  18:49  Marine  
  113  18:50  Marine  
  115  18:57  Marauder, Marine  
  118  19:04  Planetary Fortress  
  118  19:06  Marine x2  
  120  19:11  Marine  
  120  19:12  Marauder, Marine  
  123  19:21  Marauder, Marine x3  
  128  19:24  Ghost  
  128  19:29  Ghost  
  124  19:33  Ghost  
  126  19:40  Marine x2  
  126  19:42  Ghost  
  130  19:48  Siege Tank  
  130  19:51  Marine x2  
  135  19:53  Ghost  
  135  19:59  Marauder  
  133  20:01  Marine  
  133  20:02  Marauder  
  133  20:03  Marine  
  128  20:11  Marauder  
  116  20:20  Marauder  
  108  20:22  Marauder  
  108  20:24  Marauder  
  111  20:33  Marauder  
  112  20:41  Siege Tank  
  115  20:43  Marine  
  115  20:45  Orbital Command  
  116  20:50  Marine  
  116  20:52  Marine  
  118  20:59  Marine  
  119  21:10  Marine  
  116  21:14  Marine x2  
  116  21:15  Marine  
  81  21:37  Medivac x2  
  67  21:40  Marine x3  
  67  21:41  Marine x6  
  67  21:44  Marine  
  67  21:46  Marine  
  68  21:49  Marine  
  59  21:58  Marine x3  
  59  21:59  Marine  
  59  22:00  Marine x2  
  64  22:02  Marine  
  64  22:06  Marine  
  62  22:16  Marine x5  
  62  22:22  Marine  
  68  22:23  Marine x2  
  68  22:25  Marine  
  68  22:26  Marine  
  72  22:30  Marine x2  
  72  22:33  Marine  
  72  22:35  Marine  
  72  22:36  Marine  
  76  22:39  Marine  
  76  22:41  Marine  
  76  22:43  Marine  
  79  22:46  Marine  
  69  23:02  Medivac x2  
  64  23:08  Marine  
  64  23:09  Marine  
  59  23:16  Marine x3  
  59  23:19  Marine  
  59  23:20  Marine x2  
  59  23:21  Marine x3  
  59  23:22  Marine  
  59  23:26  Marine x2  
  68  23:28  SCV  
  68  23:34  Marine x2  
  68  23:36  Marine  
  70  23:42  Marine  
  70  23:45  Marine x4  
  75  23:48  Marine  
  75  23:51  Marine  
  75  23:52  Medivac x2  
  80  24:00  Marine  
  80  24:02  Marine  
  81  24:03  Marine x4  
  85  24:15  Supply Depot, Marine x4  
  85  24:16  Supply Depot, Marine x2  
  85  24:18  Marine  
  85  24:20  Marine  
  83  24:57  Supply Depot  
  83  24:59  Supply Depot  
  81  25:12  Marine x3  
  81  25:13  Marine x3  
  81  25:14  Marine x4  
  77  25:15  Marine x2  
  76  25:24  Medivac x2  
  76  25:25  Medivac  
  80  25:29  Marine x2  
  80  25:30  Marine  
  80  25:31  Marine x4  
  80  25:32  Marine x3  
  80  25:33  Marine x2  
  90  25:47  Marine x3  
  93  25:52  Supply Depot  
  93  26:11  Marine  
  93  26:12  Marine  
  93  26:13  Marine x2  
  93  26:14  Marine x8  
  101  26:35  Supply Depot  
  101  26:37  Supply Depot  
  101  26:57  Marine x8  
  101  26:59  Marine x2  
  109  27:03  Marine  
  91  27:14  Marine x5  
  76  27:17  Marine  
  76  27:18  Orbital Command  
  76  27:21  Marine x2  
  68  27:23  Marine  
Show
View Real Time Build Order
Export as new Build Order

Elazer Zerg - Winner!

Build Orders: Hatch First 

Get SALT Encoding   

  12  0:00  Drone  
  13  0:12  Overlord  
  13  0:16  Drone  
  14  0:30  Drone x2  
  16  0:47  Hatchery  
  15  0:51  Drone  
  15  0:54  Drone  
  17  0:58  Drone  
  18  1:08  Extractor  
  17  1:12  Spawning Pool  
  17  1:15  Drone  
  17  1:19  Drone  
  18  1:27  Drone  
  19  1:38  Drone  
  20  1:49  Overlord  
  20  1:58  Queen  
  20  1:59  Queen, Zergling x2  
  20  2:00  Zergling x2  
  26  2:15  Hatchery  
  26  2:18  Drone  
  26  2:21  Drone  
  27  2:24  Drone  
  27  2:29  Drone  
  29  2:32  Metabolic Boost  
  29  2:38  Drone x2  
  31  2:44  Queen  
  33  2:53  Overlord  
  33  2:59  Drone  
  33  3:01  Drone  
  33  3:02  Drone  
  36  3:11  Drone x4  
  40  3:13  Drone  
  40  3:14  Drone  
  42  3:21  Queen  
  42  3:22  Overlord  
  44  3:27  Queen  
  44  3:30  Drone x2  
  48  3:39  Zergling x4  
  50  3:42  Zergling x2  
  50  3:43  Zergling x2  
  50  3:44  Drone x2  
  54  3:53  Zergling x2  
  54  3:55  Overlord  
  55  3:57  Drone x3  
  55  4:00  Overlord  
  58  4:06  Overlord, Roach Warren  
  58  4:07  Drone  
  58  4:10  Overlord  
  58  4:18  Queen  
  58  4:20  Drone x6  
  66  4:24  Drone  
  66  4:26  Overlord  
  66  4:30  Drone  
  66  4:31  Drone x3  
  71  4:36  Drone  
  71  4:37  Extractor x2  
  70  4:38  Overlord  
  70  4:42  Drone x2  
  70  4:45  Roach, Drone  
  75  4:46  Roach x2  
  75  4:50  Spore Crawler  
  75  4:52  Spore Crawler  
  77  4:53  Spore Crawler  
  77  4:54  Overlord  
  77  4:55  Drone x2  
  78  5:01  Drone x3  
  78  5:05  Lair  
  78  5:06  Extractor  
  80  5:07  Drone x2  
  80  5:09  Drone x2  
  80  5:10  Drone  
  80  5:13  Overlord  
  85  5:14  Drone  
  85  5:17  Drone x2  
  88  5:23  Evolution Chamber x2, Drone x3  
  88  5:30  Extractor  
  88  5:31  Overlord  
  88  5:33  Drone x4  
  91  5:42  Zergling x6  
  94  5:46  Hatchery  
  93  5:54  Drone  
  93  5:56  Zerg Ground Armor Level 1, Zerg Melee Weapons Level 1  
  93  5:57  Overlord  
  93  5:59  Baneling Nest  
  93  6:01  Zergling x12  
  98  6:10  Overseer  
  98  6:14  Overlord  
  98  6:16  Ravager  
  98  6:17  Overlord, Ravager x2  
  98  6:18  Zergling x8  
  104  6:26  Drone x2  
  104  6:29  Hatchery  
  105  6:34  Zergling x2  
  105  6:35  Zergling x8  
  110  6:41  Zergling x4  
  110  6:42  Centrifical Hooks, Zergling x4  
  110  6:44  Baneling x8  
  110  6:46  Zergling x4  
  116  6:52  Zergling x8  
  120  7:04  Zergling x14  
  108  7:11  Zergling x10  
  102  7:17  Zergling x2  
  102  7:18  Zergling x4  
  102  7:22  Queen  
  101  7:23  Hydralisk Den  
  101  7:27  Drone x6  
  104  7:35  Drone x3  
  107  7:41  Baneling x8  
  105  7:46  Hatchery, Drone x3  
  105  7:47  Drone x2  
  108  7:52  Zergling x22  
  108  7:53  Zerg Ground Armor Level 2  
  108  7:54  Zerg Missile Weapons Level 1  
  108  7:56  Grooved Spines  
  108  7:57  Hydralisk x3  
  125  8:00  Extractor  
  125  8:03  Hydralisk x2  
  128  8:08  Hydralisk x3  
  134  8:14  Hydralisk x2  
  134  8:17  Hydralisk x6  
  149  8:28  Overlord x3  
  149  8:39  Drone  
  147  8:44  Overlord  
  147  8:47  Hydralisk x8  
  161  8:49  Infestation Pit  
  160  8:56  Overlord  
  160  8:57  Zergling x2  
  160  8:58  Zergling x24  
  160  8:59  Baneling  
  160  9:00  Baneling x6  
  171  9:08  Zergling x8  
  174  9:15  Muscular Augments  
  174  9:20  Drone  
  174  9:22  Drone x3, Extractor  
  177  9:26  Hive  
  177  9:30  Drone x6  
  181  9:31  Overlord  
  181  9:34  Zergling x4  
  181  9:35  Zergling x14  
  190  9:45  Burrow, Pneumatized Carapace  
  190  9:46  Overlord  
  190  9:47  Baneling  
  190  9:48  Overlord, Baneling x6  
  190  9:49  Zergling x4  
  190  9:52  Spire  
  190  9:55  Zergling x24  
  190  10:03  Zergling x16  
  188  10:07  Baneling  
  188  10:08  Baneling x14  
  188  10:14  Zergling x14  
  189  10:16  Zerg Melee Weapons Level 2  
  188  10:36  Zergling x22  
  199  10:49  Overlord  
  188  11:04  Hatchery  
  188  11:06  Viper x3  
  188  11:11  Greater Spire  
  190  11:13  Zergling x30  
  190  11:15  Adrenal Glands  
  190  11:17  Hatchery  
  194  11:30  Zergling x2  
  194  11:31  Zergling x16  
  193  11:36  Zergling x10  
  184  11:47  Overlord  
  184  11:54  Zergling x20  
  167  11:59  Baneling x9  
  167  12:00  Baneling x9  
  163  12:01  Hydralisk  
  163  12:02  Hydralisk x3  
  163  12:04  Hydralisk x3  
  177  12:08  Hydralisk  
  177  12:09  Hydralisk x2  
  177  12:14  Hydralisk x2  
  187  12:20  Hatchery  
  187  12:21  Zergling x2  
  187  12:22  Zergling x6  
  169  12:30  Zergling x16  
  161  12:43  Hydralisk x8  
  176  12:48  Zergling x2  
  176  12:49  Zergling x6  
  177  12:56  Zergling x18  
  181  12:59  Baneling x6  
  172  13:07  Overlord  
  172  13:10  Overlord  
  172  13:12  Drone x2, Zerg Melee Weapons Level 3  
  160  13:13  Zergling x2  
  155  13:29  Baneling x3  
  154  13:38  Hatchery  
  138  13:50  Zergling x20  
  138  13:55  Zergling x30  
  140  14:03  Drone  
  140  14:04  Drone x10  
  140  14:08  Baneling x3  
  151  14:12  Corruptor x2  
  151  14:14  Corruptor  
  156  14:25  Baneling x16  
  156  14:30  Corruptor  
  144  14:58  Brood Lord x3, Corruptor x2  
  144  14:59  Corruptor x2  
  152  15:07  Brood Lord  
  152  15:08  Corruptor x2  
  137  15:37  Hatchery  
  137  15:42  Drone x3  
  139  15:43  Drone x5  
  139  15:44  Drone x4  
  139  15:45  Drone x2  
  139  15:47  Brood Lord  
  152  15:56  Brood Lord  
  151  16:13  Brood Lord x4  
  151  16:18  Hydralisk  
  159  16:25  Hydralisk x2  
  163  16:29  Zerg Missile Weapons Level 2  
  163  16:31  Hydralisk  
  167  16:37  Baneling x3  
  167  16:38  Hydralisk  
  169  16:43  Hydralisk  
  169  16:45  Hydralisk  
  173  16:49  Zergling x2  
  173  16:50  Zergling x4  
  176  16:56  Zergling x2  
  176  16:57  Zergling x8  
  173  17:07  Hydralisk  
  173  17:08  Hydralisk x3  
  180  17:12  Zergling x2  
  180  17:13  Zergling x6  
  183  17:20  Zergling x14  
  174  17:40  Hatchery  
  174  17:41  Hydralisk x2  
  156  17:44  Hydralisk x5  
  156  17:46  Zergling x2  
  148  18:00  Corruptor x3  
  127  18:21  Viper x2  
  129  18:39  Hydralisk x2  
  129  18:40  Zergling x32  
  149  18:51  Zergling x12  
  153  19:01  Zergling x4  
  153  19:02  Zergling x2  
  156  19:03  Zergling x8  
  156  19:06  Zerg Ground Armor Level 3  
  156  19:09  Baneling  
  160  19:10  Extractor  
  160  19:11  Baneling x9, Extractor  
  160  19:14  Overseer  
  157  19:19  Zergling x18  
  166  19:31  Baneling  
  166  19:32  Baneling x5  
  166  19:38  Baneling x2  
  166  19:42  Zergling x2  
  166  19:43  Zergling x26  
  179  19:50  Baneling x4, Zergling x2  
  179  19:51  Zergling x12  
  166  20:09  Hydralisk x3  
  150  20:14  Zergling x16  
  150  20:15  Zergling x6  
  149  20:26  Hydralisk x2  
  149  20:27  Zergling x10  
  137  20:33  Zergling x14  
  137  20:34  Hatchery  
  133  20:40  Baneling  
  133  20:41  Baneling x3  
  127  20:49  Hydralisk  
  127  20:51  Zergling x2  
  127  20:52  Zergling x22  
  141  21:00  Baneling x2  
  141  21:02  Zergling x20  
  120  21:23  Zergling x18  
  120  21:24  Zergling x8  
  96  21:34  Zergling x2  
  80  21:42  Hydralisk  
  80  21:43  Hydralisk x3  
  74  22:00  Zergling x18  
  76  22:19  Hydralisk  
  76  22:20  Hatchery  
  78  22:22  Zergling x2  
  78  22:23  Zergling x24  
  90  22:33  Baneling  
  90  22:35  Zergling x16  
  90  22:36  Zergling x2  
  99  22:40  Baneling  
  99  22:42  Baneling  
  99  22:47  Baneling  
  99  22:48  Zergling x14  
  102  22:55  Zergling x10  
  96  23:02  Zergling x2  
  96  23:03  Zergling x8  
  91  23:11  Hydralisk  
  91  23:12  Hydralisk  
  83  23:15  Zergling x8  
  83  23:18  Zergling x2  
  83  23:19  Zergling x4  
  78  23:25  Hydralisk x2  
  78  23:41  Drone x7  
  78  23:44  Hydralisk x2  
  78  23:47  Zergling x2  
  78  23:58  Hydralisk  
  78  23:59  Zergling x2  
  78  24:00  Zergling x8  
  78  24:01  Zergling x2  
  82  24:10  Hydralisk  
  82  24:11  Hydralisk  
  82  24:14  Zergling x2  
  85  24:18  Zergling x6  
  85  24:24  Baneling x3  
  78  24:33  Baneling x2  
  78  24:34  Zergling x4  
  78  24:35  Zergling x10  
  81  24:42  Drone x4  
  81  24:43  Drone  
  78  24:49  Drone x2  
  78  24:50  Drone  
  81  25:05  Zergling x18  
  76  25:17  Hydralisk x4  
  81  25:24  Hydralisk  
  83  25:29  Hydralisk  
  83  25:30  Zergling x8  
  87  25:37  Hydralisk  
  87  25:45  Hydralisk  
  87  25:47  Zergling x18  
  98  26:02  Baneling x3  
  98  26:03  Zergling x10  
  103  26:05  Baneling  
  94  26:23  Zergling x24  
  94  26:24  Zergling x4  
  107  26:35  Hatchery, Zergling x14  
  107  26:37  Baneling x5  
  113  26:46  Baneling x2  
  113  26:48  Baneling x2, Zergling x12  
  110  27:04  Zergling x6  
  110  27:05  Zergling x16  
  97  27:11  Zergling x8  
  93  27:18  Zergling x6  
  93  27:19  Zergling x4  
  93  27:22  Drone x12  
  98  27:29  Hydralisk  
  96  27:30  Hydralisk x2  
  96  27:33  Zergling x4  
  94  27:44  Drone x4  
  94  27:47  Drone  
Tags
 
Add a new tag
Caveats
  • Supply blocks, unpowered buildings, or Contaminate may cause inaccurate times.
  • Supply counts are checked every 10 seconds.